 Dungeon Crawl Stone Soup version 0.20.0 (webtiles) character file.

22 Minorbread the Sneak (level 2, -15/13 HPs)
             Began as a Spriggan Enchanter on June 13, 2017.
             Killed by a distortion unwield (28 damage)
             ... on level 2 of the Dungeon.
             The game lasted 00:05:28 (976 turns).

Minorbread the Sneak (Spriggan Enchanter)            Turns: 976, Time: 00:05:29

Health: -15/13     AC:  2    Str:  4    XL:     2   Next: 68%
Magic:  0/7        EV: 18    Int: 16    God:
Gold:   28         SH:  0    Dex: 16    Spells: 4/7 levels left

rFire    . . .     SeeInvis +   (weapon restricted)
rCold    . . .     Gourm    .   (shield restricted)
rNeg     . . .     Faith    .   b - +0 robe
rPois    .         Spirit   .   (helmet restricted)
rElec    .         Reflect  .   (no cloak)
rCorr    .         Harm     .   (gloves unavailable)
MR       .....                  (boots unavailable)
Stlth    +++.......             (no amulet)
Regen    0.1/turn               (no ring)
MPRegen  0.1/turn               (no ring)

@: very quick
A: unfitting armour, see invisible, herbivore 3, speed 3, slow metabolism 2
a: no special abilities


You were on level 2 of the Dungeon.
You were not hungry.

You visited 1 branch of the dungeon, and saw 2 of its levels.

You collected 28 gold pieces.

Inventory:

Hand Weapons
 a - a +1 dagger
 i - a +1 dagger of distortion
 k - a +1 dagger of venom
Armour
 b - a +0 robe (worn)
Jewellery
 j - an uncursed amulet of harm {unknown}
Scrolls
 e - a scroll of teleportation {unknown}
 f - a scroll of enchant armour {unknown}
 h - a scroll of remove curse {unknown}
Potions
 g - a potion of curing {unknown}
Books
 c - a book of Maledictions

   Spells                             Type                      Level
   a - Corona                         Hexes                        1
   b - Ensorcelled Hibernation        Hexes/Ice                    2
   c - Confuse                        Hexes                        3
   d - Tukima's Dance                 Hexes                        3
   e - Dazzling Spray                 Conjuration/Hexes            3
Comestibles
 d - a bread ration


   Skills:
 + Level 1.4 Short Blades
 - Level 3.0 Dodging
 * Level 5.0 Stealth
 + Level 3.0 Spellcasting
 + Level 4.1 Hexes


You had 4 spell levels left.
You knew the following spells:

 Your Spells              Type           Power        Failure   Level  Hunger
a - Corona                Hex            ###....      3%          1    #......
b - Ensorcelled Hibernat  Hex/Ice        #.....       12%         2    ##.....


Dungeon Overview and Level Annotations

Branches:
Dungeon (2/15)

Altars:


Innate Abilities, Weirdness & Mutations

You are very small and have problems with some larger weapons.
You are too small for most types of armour.
You have supernaturally acute eyesight. (SInv)
You are a herbivore.
You cover ground extremely quickly.
You need consume almost no food.


Message History

Aim: a goblin, wielding a dagger of venom (chance to defeat MR: 57%)
The goblin resists with significant effort.
Casting: Ensorcelled Hibernation
Confirm with . or Enter, or press ? or * to list all spells.
Aiming: Ensorcelled Hibernation
Press: ? - help, Shift-Dir - straight line, f/p - goblin
Aim: a goblin, wielding a dagger of venom (chance to defeat MR: 57%)
The goblin looks drowsy...
The helpless goblin fails to defend itself.
You impale the goblin!!
You kill the goblin!
You see here a dagger of venom.
k - a dagger of venom Wear which item? (? for menu, Esc to quit)
Okay, then.
Wield which item (- for none, * to show all)? (? for menu, Esc to quit)
Really unwield
i - a +1 dagger of distortion?
You are crushed and pinned by an extremely strong localised spatial distortion!
Ouch! That really hurt!
You die...

#.# #.### #......# ..
##.... #......#
.##.##.....
#......##+#.##..#.....
#...........###.#.....
#.....................
#...........####.#####
#...........####..#
#....@.##+#...(...#
+.........####.##.###
#......#######......#
#...............#.#.#
#.......#######.#.#.#
#.......# #.#.#.#
...#####.# #.#...#
.... #.# #####.....##
... #.# #...........


There were no monsters in sight!

Vanquished Creatures
  A worm (D:2)
  A giant cockroach (D:1)
  5 goblins
  3 hobgoblins (D:1)
  2 kobolds (D:1)
  2 ball pythons (D:1)
  A bat (D:1)
  2 frilled lizards (D:1)
  2 rats
19 creatures vanquished.

Notes
Turn   | Place    | Note
-------+----------+-------------------------------------------
     0 | D:1      | Minorbread the Spriggan Enchanter began the quest for the Orb.
     0 | D:1      | Reached XP level 1. HP: 9/9 MP: 5/5
   514 | D:1      | Reached XP level 2. HP: 11/13 MP: 3/6
   518 | D:1      | Learned a level 2 spell: Ensorcelled Hibernation
   956 | D:2      | Reached skill level 5 in Stealth
   976 | D:2      | Killed by a distortion unwield

Skill      XL: |  1  2 |
---------------+-------+-----
Hexes          | 4 |  4.1
Spellcasting   | 3 |  3.0
Stealth        | 5 |  5.0
Short Blades   | |  1.4
Dodging        | |  3.0

Action                   || total
-------------------------++-------
Melee: Dagger            ||    60
 Cast: Corona            ||     8
       Ensorcelled Hiber ||    13
 Stab: Sleeping          ||     6
Armor: Robe              ||     9
Dodge: Dodged            ||    47
